groovejumper, neutral female human Wizard ------------ ##+..........+ #)###############|..........| ####|......<...| # #|..........| ### #|%..%......| ######...........| # %-------.---- #[############# # ### # | -- -- # |.....`.... # |`.........*f@ ------------ # . . . --- groovejumper the Thaumaturge Experience level: 7 Strength: 11 Dexterity: 14 Constitution: 17 Intelligence: 18 Wisdom: 9 Charisma: 9 Health: 0(61) Energy: 37(63) AC: 9 Gold: 1182 Moves: 2522 Your Inventory: Coins $ - 1182 gold pieces Amulets A - an [uncursed] octagonal amulet [versus poison] Weapons a - a blessed +1 quarterstaff (weapon in hands) Armor G - an [uncursed] +0 Hawaiian shirt (being worn) T - an uncursed +0 cloak of magic resistance (being worn) Comestibles u - 3 uncursed lichen corpses z - an [uncursed] food ration B - an [uncursed] tripe ration E - an [uncursed] apple Q - a [cursed] food ration Scrolls i - an uncursed scroll of destroy armor j - an uncursed scroll of earth o - an uncursed scroll labeled VELOX NEB [of confuse monster] w - an [uncursed] scroll labeled HAPAX LEGOMENON [of flood] y - an [uncursed] scroll labeled ANDOVA BEGARIN [of food detection] N - a [cursed] scroll labeled VELOX NEB [of confuse monster] U - 2 [uncursed] scrolls labeled PRATYAVAYAH [of enchant weapon] V - an [uncursed] scroll labeled THARR [of create monster] W - an [uncursed] scroll labeled ZLORFIK [of stinking cloud] Spellbooks l - a blessed spellbook of force bolt m - an uncursed spellbook of haste self X - an [uncursed] glittering spellbook [of healing] Potions f - 2 [uncursed] yellow potions [of healing] g - an uncursed potion of water h - an uncursed potion of speed s - an uncursed effervescent potion [of booze] D - an [uncursed] magenta potion [of gain ability] H - an [uncursed] indigo potion [of restore ability] I - a [cursed] potion of speed J - a potion of [unholy] water K - a [cursed] amber potion [of sickness] R - a [cursed] brown potion [of sleeping] Y - an [uncursed] muddy potion [of see invisible] Z - an [uncursed] orange potion [of invisibility] Rings d - an uncursed ring of searching e - an uncursed ring of protection from shape changers q - an uncursed ring of invisibility v - an uncursed ring of free action S - a cursed ring of fire resistance Wands c - an uncursed wand of light (0:12) M - an [uncursed] electrum wand [of cancellation (0:5)] P - a [cursed] steel wand [of sleep (0:8)] Tools b - a [cursed] bag [sack] n - an uncursed magic marker (0:50) p - an uncursed [tooled] horn r - a cursed [oil] lamp named magic (0:1263) t - an uncursed bag of tricks [0:1] x - 2 [uncursed tallow] candles F - an [uncursed oil] lamp L - a [cursed] brass lantern O - a [cursed tin] whistle Contents of the sack: 419 gold pieces a [blessed] spellbook of force bolt an [uncursed] potion of speed 3 [uncursed] potions of water a potion of [holy] water an [uncursed +3] shiny ring [of protection] an [uncursed] crusty wand [of opening (0:8)] an [uncursed] crystal wand [of secret door detection (0:12)] an [uncursed] orichalcum wand [of striking (0:5)] an [uncursed] silver wand [of probing (0:4)] an [uncursed] bell an [uncursed tin] whistle Spells known in the end: Name Level Category Fail Memory a - force bolt 1 attack 0% [||||||||] b - haste self 3 escape 77% [||||||||] Your skills at the end: Fighting Skills Weapon Skills quarterstaff [Basic / Expert] Spellcasting Skills attack spells [Basic / Expert] enchantment spells [Basic / Skilled] Final Attributes: You were piously aligned. Hunger level was 139. Your alignment was 20 / 22. Monster difficulty range was 1 - 6. Level difficulty was 6. You were magic-protected. Your luck was zero. You are dead. Vanquished creatures: a ghost a small mimic a leather golem an ice vortex a housecat 2 apes an imp 2 enormous rats a gnome lord 3 giant ants a floating eye a dwarf a werejackal 2 iguanas a killer bee 2 coyotes 2 hobbits 8 gnomes 2 geckos 6 jackals a kobold 3 goblins 4 bats 6 lichens 7 newts 61 creatures vanquished. Voluntary challenges: You used a wielded weapon 54 times. You read items or engraved 10 times. You put on armor 3 times. You never genocided any monsters. You never polymorphed an object. You never changed form. You used no wishes. You wrote Elbereth's name 7 times. You encountered 1 bones level. You never used any Sokoban shortcuts. Dungeon overview: The Dungeons of Doom: levels 1 to 6 Level 1 a fountain a long staircase Level 2 a weapon shop, an altar stairs to The Gnomish Mines Level 3 a fountain Level 5 a fountain Level 7 <- You were here The Gnomish Mines: Level 3 stairs to The Dungeons of Doom History has recorded: On T:1 you entered the Dungeons of Doom to retrieve the Amulet of Yendor! On T:382 you advanced to experience level 2. On T:558 you reached level 2 of The Dungeons of Doom. On T:728 you advanced to experience level 3. On T:769 you reached level 1 of The Gnomish Mines. On T:781 you advanced to experience level 4. On T:851 you advanced to experience level 5. On T:954 you reached level 3 of The Dungeons of Doom. On T:1328 you reached level 4 of The Dungeons of Doom. On T:1402 you advanced to experience level 6. On T:1697 you reached level 5 of The Dungeons of Doom. On T:1952 you reached level 6 of The Dungeons of Doom. On T:2100 you advanced to experience level 7. Latest messages: You are almost hit by a dagger. [HP-5=45] [2 turns] The spell hits the leather golem! The leather golem hits! (2x) You are beginning to feel hungry. [HP-8=37] You miss the leather golem. (2x) The leather golem hits! (2x) [HP-7=30] [2 turns] You hit the leather golem! The leather golem hits! (2x) [HP-5=25] You destroy the leather golem! You miss the panther. The panther hits! (2x) The panther bites! The panther hits! (2x) You die... Final status: Goodbye groovejumper the Wizard... You died in The Dungeons of Doom on dungeon level 6 with 1983 points, and 1601 pieces of gold, after 2522 moves. You were level 7 with a maximum of 61 hit points when you died.